 Dungeon Crawl Stone Soup version 0.21-a0-137-g951aa02 (webtiles) character file.

37 namelastname112 the Scratcher (level 3, 0/18 HPs)
             Began as a Felid Chaos Knight on July 18, 2017.
             Slain by a bat (1 damage)
             ... on level 2 of the Dungeon.
             The game lasted 00:02:05 (1088 turns).

namelastname112 the Scratcher (Felid Chaos Knight)  Turns: 1088, Time: 00:02:06

Health: 0/18       AC:  1    Str:  8    XL:     3   Next: 23%
Magic:  4/4        EV: 19    Int: 13    God:    Xom [...*..]
Gold:   64         SH:  0    Dex: 16    Spells: 2/2 levels left
                                        Lives:  0   Deaths: 0

rFire    . . .     SeeInvis +     - Unarmed
rCold    + . .     Gourm    .   (shield unavailable)
rNeg     . . .     Faith    .   (armour unavailable)
rPois    .         Spirit   .   (helmet unavailable)
rElec    .         Reflect  .   (cloak unavailable)
rCorr    .         Harm     .   (gloves unavailable)
MR       .....                  (boots unavailable)
Stlth    ++........             (no amulet)
HPRegen  0.06/turn              (no ring)
MPRegen  0.09/turn              (no ring)

@: quick
A: no armour, no weapons or thrown items, stealth, claws 1, fangs 3, see
invisible, carnivore 3, cold resistance 1, speed 1, robust 1, shaggy fur 1, slow
metabolism 1, sharp paws
a: Renounce Religion


You were on level 2 of the Dungeon.
You worshipped Xom.
You were a favourite toy of Xom.
You were completely stuffed.

You visited 1 branch of the dungeon, and saw 2 of its levels.

You collected 64 gold pieces.

Inventory:

Scrolls
 c - a scroll of amnesia {unknown}
 g - a scroll of enchant armour {unknown}
 h - a scroll of teleportation {unknown}
Potions
 f - 2 potions of flight
Comestibles
 a - a meat ration
 i - 3 chunks of flesh


   Skills:
 + Level 3.3 Fighting
 + Level 3.5 Dodging
 + Level 1.7 Stealth
 * Level 3.6 Unarmed Combat


You had 2 spell levels left.
You didn't know any spells.

Dungeon Overview and Level Annotations

Branches:
Dungeon (2/15)

Altars:
Nemelex Xobeh


Innate Abilities, Weirdness & Mutations

You cannot wear armour.
You are incapable of wielding weapons or throwing items.
Your paws allow you to move quietly. (Stealth)
You have sharp claws.
You have razor-sharp teeth.
You have supernaturally acute eyesight. (SInv)
You are carnivorous and can eat meat at any time.
You cover ground quickly.
You are covered in fur. (AC +1)
You have a slow metabolism.
Your sharp claws are effective at attacking unaware monsters.
Your flesh is cold resistant. (rC+)
You are robust. (+10% HP)


Message History

The kobold shouts!
The hobgoblin shouts!
The bat completely misses you.
A goblin comes into view. It is wielding a club.
You take 1 damage, and have 1/18 hp.
The goblin shouts!
The bat closely misses you.
The kobold throws a stone.
The stone misses you.
You see here a stone.
The bat closely misses you. The bat completely misses you. The bat misses you.
The kobold throws a stone.
The stone closely misses you.
Found a bread ration.
You see here a stone.
The bat closely misses you. The hobgoblin barely misses you.
Found 11 gold pieces.
The bat closely misses you. The goblin misses you.
The kobold throws a stone.
The stone misses you.
Found a stone.
The bat barely misses you. The bat completely misses you. The bat hits you.
You die...

#.........##......#
#.........##(.....#
#.........##g.....#
####.#######(.....#
##.### #g.....# #....#
###g.....# ##### #.<#.#
#(.gK.%### ...<#
####.#.###$...#.## #####
#....#....@b.....#
#######รท########.....#.#
##.............#.....#%.#
##..........l..#.....# .#
##........g....#.....#
##...........###.....#
##.....#####.# #.....#
.......# .........#
.......# ..


You could see 2 hobgoblins, a goblin, a bat and a kobold.

Vanquished Creatures
  An adder (D:2)
  An ooze (D:1)
  A leopard gecko (D:1)
  A giant cockroach (D:1)
  5 goblins (D:1)
  A hobgoblin (D:1)
  3 jackals (D:1)
  2 bats (D:1)
  4 frilled lizards (D:1)
  2 kobolds (D:1)
  2 rats (D:1)
23 creatures vanquished.

Notes
Turn   | Place    | Note
-------+----------+-------------------------------------------
     0 | D:1      | namelastname112 the Felid Chaos Knight began the quest for the Orb.
     0 | D:1      | Reached XP level 1. HP: 10/10 MP: 2/2
   102 | D:1      | Reached skill level 1 in Stealth
   102 | D:1      | Reached XP level 2. HP: 11/14 MP: 3/3
   303 | D:1      | Found a sparkling altar of Nemelex Xobeh.
   812 | D:1      | XOM: butterfly on damage
   832 | D:1      | Reached XP level 3. HP: 9/17 MP: 4/4
  1049 | D:2      | XOM: potion effect (agility)
  1058 | D:2      | Gained mutation: Your flesh is cold resistant. (rC+) [potion of mutation]
  1058 | D:2      | Gained mutation: You are robust. (+10% HP) [potion of mutation]
  1088 | D:2      | Slain by a bat

Vault maps used:
D:1:      minmay_arrival_loop, nemelex_diamond_rough_becter
D:2:      uniq_robin

Skill      XL: |  1 |
---------------+----+-----
Stealth        | 1 |  1.7
Fighting       | |  3.3
Dodging        | |  3.5
Unarmed Combat | |  3.6

Action                   || total
-------------------------++-------
Melee: Unarmed           ||    68
       Bite              ||     3
  Use: Potion            ||     4
 Stab: Sleeping          ||     5
  Eat: Chunk             ||     8
Armor: Skin              ||     3
Dodge: Dodged            ||    76
